 Dungeon Crawl Stone Soup version 0.31.0-11-ge490571c62 (webtiles) character file.

Game seed: 14504251600448201989

38851 bearlyready the Grappler (level 13, -26/151 HPs)
             Began as a Gnoll Shapeshifter on Feb 5, 2024.
             Was the Champion of Ru.
             Killed by an exploding skyshark (31 damage)
             ... ignited by their inner flame
             ... on level 5 of the Lair of Beasts.
             The game lasted 00:38:06 (14591 turns).

bearlyready the Grappler (Gnoll Shapeshifter)      Turns: 14591, Time: 00:38:07

Health: -26/151    AC: 26    Str: 19    XL:     13   Next: 4%
Magic:  26/26      EV:  2    Int:  9    God:    Ru [******]
Gold:   1948       SH:  6    Dex: 12    Spells: 30/30 levels left

rFire   . . .        G - +6 rapier (elec)
rCold   . . .        Y - +0 buckler
rNeg    . . .        a - melded +5 ring mail of Juisum {Regen+ Str-3 Int+5 SInv}
rPois   +            m - melded +0 helmet
rElec   .            (cloak currently unavailable)
rCorr   +            W - melded +0 pair of gloves
SInv    .            (boots currently unavailable)
Will    +....        S - amulet of the acrobat
Stlth   ++++         v - ring of willpower
HPRegen 0.45/turn    D - ring of resist corrosion
MPRegen 0.20/turn

%: acrobat
@: exhausted, tree-form
A: stationary, stasis, torment immunity, boosted hp, (fangs 1), inability to
drink after injury 2, inability to use devices, hated by all, inexperienced 1,
strong nose, distributed training
a: Renounce Religion, Draw Out Power, Power Leap, Apocalypse


You were on level 5 of the Lair of Beasts.
You worshipped Ru.
Ru was exalted by your worship.
You were a tree.
You visited 3 branches of the dungeon, and saw 17 of its levels.
You also visited: Sewer.

You collected 1948 gold pieces.

Inventory:

Hand Weapons
 G - a +6 rapier of electrocution (weapon)
 J - a +1 morningstar
 L - a +0 broad axe of flaming
 X - the +5 Force Lance {heavy, knockback}
   (You found it on level 2 of the Lair of Beasts)
Missiles
 g - 30 poisoned darts
 j - 137 stones
 K - 9 javelins
 N - 3 boomerangs (quivered)
Armour
 a - the +5 ring mail of Juisum (melded) {Regen+ Str-3 Int+5 SInv}
   (You found it on level 5 of the Dungeon)

   Str-3:     It affects your strength (-3).
   Int+5:     It affects your intelligence (+5).
   SInv:      It lets you see invisible.
   Regen+:    It increases your rate of health regeneration.
 k - a +2 leather armour of willpower
 m - a +0 helmet (melded)
 y - a +0 tower shield
 E - +0 ice dragon scales
 V - +0 acid dragon scales
 W - a +0 pair of gloves (melded)
 Y - a +0 buckler (worn)
Jewellery
 r - an amulet of magic regeneration
 v - a ring of willpower (left branch)
 w - a ring of wizardry
 D - a ring of resist corrosion (right branch)
 H - a ring of wizardry
 S - an amulet of the acrobat (around neck)
 T - a ring of wizardry
Talismans
 c - a beast talisman (active)
 d - a flux talisman
Scrolls
 f - 3 scrolls of enchant armour
 h - 2 scrolls of teleportation
 l - 4 scrolls of summoning
 s - 2 scrolls of revelation
 t - a scroll of vulnerability
 B - 5 scrolls of poison
 M - a scroll of noise
 P - 2 scrolls of immolation
 Q - 2 scrolls of enchant weapon
 R - 6 scrolls of identify
 U - a scroll of silence
Potions
 b - 2 potions of lignification
 i - 3 potions of degeneration {unknown}
 n - 5 potions of attraction
 o - a potion of invisibility {unknown}
 p - a potion of haste {unknown}
 u - 2 potions of ambrosia
 z - a potion of brilliance {unknown}
 A - a potion of berserk rage {unknown}
 C - 5 potions of mutation {unknown}
 I - a potion of cancellation {unknown}
 O - 5 potions of enlightenment {unknown}


   Skills:
 + Level 9.5 Fighting
 + Level 9.1 Short Blades
 + Level 9.1 Long Blades
 + Level 9.1 Axes
 + Level 9.1 Maces & Flails
 + Level 9.1 Polearms
 + Level 9.1 Staves
 + Level 9.1 Ranged Weapons
 + Level 9.1 Throwing
 + Level 9.1 Armour
 + Level 10.3 Dodging
 + Level 9.1 Stealth
 + Level 9.1 Shields
 + Level 11.2 Unarmed Combat
 + Level 9.1 Spellcasting
 + Level 7.6 Conjurations
 + Level 7.6 Hexes
   Level 0.0 Summonings
 + Level 7.6 Necromancy
 + Level 7.6 Translocations
 + Level 7.6 Fire Magic
 + Level 7.6 Ice Magic
 + Level 7.6 Air Magic
 + Level 7.6 Earth Magic
 + Level 7.6 Alchemy
 + Level 10.0 Invocations
   Level 0.0 Evocations
 + Level 10.6 Shapeshifting


You had 30 spell levels left.
You didn't know any spells.
Your spell library contained the following spells:

 Spells                   Type           Power      Damage    Failure   Level
 Freeze                   Ice            68%        1d8       1%          1
 Sandblast                Erth           34%        2d9       1%          1
 Sting                    Conj/Alch      68%        1d7       1%          1
 Jinxbite                 Hex            34%        N/A       1%          2
 Mercury Vapours          Alch/Air       34%        N/A       1%          2
 Dazzling Flash           Conj/Hex       34%        N/A       2%          3
 Frozen Ramparts          Ice            34%        1d6       2%          3
 Hailstorm                Conj/Ice       17%        3d6       2%          3
 Ozocubu's Armour         Ice            17%        N/A       2%          3
 Passwall                 Erth           17%        N/A       2%          3
 Stone Arrow              Conj/Erth      34%        3d9       2%          3
 Brom's Barrelling Bould  Conj/Erth      17%        2d4       9%          4
 Cause Fear               Hex            8%         N/A       9%          4
 Iskenderun's Mystic Bla  Conj/Tloc      17%        2d5       9%          4
 Olgreb's Toxic Radiance  Alch           17%        N/A       9%          4
 Borgnjor's Vile Clutch   Necr/Erth      8%         N/A       22%         5
 Fireball                 Conj/Fire      8%         3d6       22%         5
 Yara's Violent Unravell  Hex/Alch       8%         3d5       22%         5
 Starburst                Conj/Fire      8%         6d4       77%         6
 Enfeeble                 Hex            8%         N/A       100%        7
 Polar Vortex             Ice            8%         12d1*     100%        9
 Animate Dead             Necr           Unusable   N/A       N/A         4
 Death Channel            Necr           Unusable   N/A       N/A         6
 Sculpt Simulacrum        Ice/Alch       Unusable   N/A       N/A         6
 Dragon's Call            Summ           Unusable   N/A       N/A         9

Dungeon Overview and Level Annotations

Branches:
Dungeon (11/15)            Temple (1/1) D:5            Lair (5/5) D:9
 Shoals (0/4) Lair:2       Spider (0/4) Lair:2        Slime (0/5) Lair:5
    Orc (0/2) D:9           Sewer (visited)

Altars:
Ashenzari
Cheibriados
Dithmenos
Elyvilon
Gozag
Kikubaaqudgha
Makhleb
Nemelex Xobeh
Okawaru
Qazlal
Ru
Sif Muna
Trog
Uskayaw
Vehumet
Wu Jian
Xom
Zin
The Shining One

Shops:
D:8 [

Annotations:
D:5 4 runed translucent doors
D:11 Urug


Innate Abilities, Weirdness & Mutations

You are a tree.
Your roots penetrate the ground, keeping you stationary.
You cannot be teleported.
You are immune to unholy pain and torment.
Your maximum health is greatly increased.
Your equipment is partially melded.
((You have very sharp teeth.))
You sometimes lose the ability to drink potions when taking damage.
You cannot study or use magical devices.
You are hated by all.
You are somewhat inexperienced. (-1 XL)
Your uncanny sense of smell can sniff out nearby items.
Your experience applies equally to all skills.


Message History

The skyshark tail-slaps you.
* * * LOW HITPOINT WARNING * * *
The skyshark completely misses you.
The rime drake begins to attack, but is stunned by your conviction!
The skyshark is stunned by your conviction and fails to attack.
You hit the skyshark.
Flame seeps out of the skyshark.
The skyshark is heavily wounded.
The skyshark is engulfed in blazing flames.
Flame seeps out of the skyshark.
The skyshark is stunned by your conviction and fails to attack.
You feel better.
The skyshark is engulfed in blazing flames.
Flame seeps out of the skyshark.
The skyshark bites you!
* * * LOW HITPOINT WARNING * * *
The skyshark completely misses you. The skyshark tail-slaps you.
* * * LOW HITPOINT WARNING * * *
The skyshark is engulfed in blazing flames.
Flame seeps out of the skyshark.
The skyshark bites you but does no damage.
The skyshark tail-slaps you but does no damage.
The skyshark tail-slaps you!
* * * LOW HITPOINT WARNING * * *
You hit the skyshark.
Flame seeps out of the skyshark.
The skyshark is severely wounded.
The skyshark is no longer berserk.
The rime drake begins to attack, but is stunned by your conviction!
The skyshark is engulfed in blazing flames.
Flame seeps out of the skyshark.
The skyshark bites you.
* * * LOW HITPOINT WARNING * * *
The skyshark tail-slaps you but does no damage. x2
You hit the skyshark.
The skyshark explodes!
The fiery explosion engulfs the water moccasin!!!
You kill the water moccasin!
The fiery explosion engulfs the rime drake!!
The rime drake is severely wounded.
The fiery explosion engulfs the komodo dragon!!!
The komodo dragon is almost dead.
The fiery explosion engulfs you!!
You die...

.....†.†..##...#....#.F.##
..#..†...##...##....##...##
.......###....#......#....##
.......##....##......##S...##
.........P...#........#...P.##
............##.k......##††...#.
..............§l.k#...lkF..†Y...
..#.........†Sk°#######.l.......
..............Y#♣# ###.~~♣..#
..#...........#### ♣♣.~≈♣♣
................# ♣~~♣
...............P# ~~♣
................# ♣♣
................#
..............P##
...............#
#.............##


You could see a komodo dragon, a rime drake, a water moccasin and a wyvern
(inner flame).

Vanquished Creatures
  3 hydras
  A catoblepas (Lair:1)
  A boulder beetle (D:11)
  Nergalle (D:10)
  3 skysharks
  A deep troll (Lair:1)
  A deep elf pyromancer (D:11)
  A cyclops (D:11)
  10 elephants
  5 black mambas
  A gargoyle (D:11)
  11 cane toads
  6 rime drakes
  7 komodo dragons
  A troll (D:9)
  2 polar bears
  3 hornets
  Grinder (D:4)
  11 blink frogs
  A vampire (D:10)
  2 wraiths
  Eustachio (D:5)
  8 wyverns
  50 yaks
  3 basilisks
  3 redbacks (Lair:2)
  3 acid dragons
  18 water moccasins
  Duvessa (D:4)
  An ice beast (D:6)
  2 black bears
  8 orc warriors
  4 wolves (Lair:5)
  3 ogres
  5 centaurs
  A kobold brigand (D:10)
  15 bullfrogs
  A gnoll sergeant (D:10)
  2 scorpions (D:7)
  14 wights
  Dowan (D:4)
  5 killer bees
  4 electric eels
  6 howler monkeys
  3 hounds
  10 jellies
  A gnoll bouda (D:6)
  6 orc priests
  5 orc wizards
  A sleepcap (D:5)
  4 iguanas
  A hell rat (Sewer)
  4 gnolls
  5 adders
  4 river rats
  A shadow imp (D:5)
  4 white imps
  2 ufetubi (D:4)
  6 ribbon worms
  36 orcs
  12 ball pythons
  9 endoplasms
  2 giant cockroaches
  10 hobgoblins
  12 jackals
  3 quokkas
  3 bats
  5 frilled lizards
  8 goblins
  13 kobolds
  9 rats
411 creatures vanquished.

Vanquished Creatures (others)
  A black mamba (Lair:2)
  A cane toad (Lair:5)
  A rime drake (Lair:3)
  A gnoll (D:10)
4 creatures vanquished.

Grand Total: 415 creatures vanquished

Notes
Turn   | Place    | Note
-------+----------+-------------------------------------------
     0 | D:1      | bearlyready the Gnoll Shapeshifter began the quest for the
                  | Orb.
     0 | D:1      | Reached XP level 1. HP: 17/17 MP: 1/1
    77 | D:1      | Reached XP level 2. HP: 18/23 MP: 2/2
   341 | D:1      | Reached XP level 3. HP: 19/28 MP: 2/4
   485 | D:1      | Reached skill level 1 in Invocations
   823 | D:2      | Reached skill level 1 in Short Blades
   823 | D:2      | Reached skill level 1 in Long Blades
   823 | D:2      | Reached skill level 1 in Axes
   823 | D:2      | Reached skill level 1 in Maces & Flails
   823 | D:2      | Reached skill level 1 in Polearms
   823 | D:2      | Reached skill level 1 in Staves
   823 | D:2      | Reached skill level 1 in Ranged Weapons
   823 | D:2      | Reached skill level 1 in Throwing
   823 | D:2      | Reached skill level 1 in Armour
   823 | D:2      | Reached skill level 1 in Stealth
   823 | D:2      | Reached skill level 1 in Shields
   823 | D:2      | Reached skill level 1 in Spellcasting
   823 | D:2      | Reached skill level 1 in Evocations
   956 | D:2      | Found a faded altar of an unknown god.
  1059 | D:2      | Got Plato's Compilation of Cold
  1136 | D:2      | Reached XP level 4. HP: 32/34 MP: 5/5
  1446 | D:2      | Found a white marble altar of Elyvilon.
  1755 | D:3      | You fall into a shaft and drop 2 floors!
  1755 | D:5      | Entered Level 5 of the Dungeon
  1777 | D:5      | Noticed a centaur
  1786 | D:5      | Killed a centaur
  1787 | D:5      | Reached skill level 1 in Conjurations
  1787 | D:5      | Reached skill level 1 in Hexes
  1787 | D:5      | Reached skill level 1 in Summonings
  1787 | D:5      | Reached skill level 1 in Necromancy
  1787 | D:5      | Reached skill level 1 in Translocations
  1787 | D:5      | Reached skill level 1 in Fire Magic
  1787 | D:5      | Reached skill level 1 in Ice Magic
  1787 | D:5      | Reached skill level 1 in Air Magic
  1787 | D:5      | Reached skill level 1 in Earth Magic
  1787 | D:5      | Reached skill level 1 in Alchemy
  1787 | D:5      | Reached XP level 5. HP: 26/41 MP: 5/7
  1890 | D:4      | Identified the +11 dagger "Horghom" {heavy, Will+}
  1927 | D:4      | Noticed Dowan
  1929 | D:4      | Found a stormy altar of Qazlal.
  1929 | D:4      | Noticed a torpor snail
  1933 | D:4      | Killed Dowan
  1936 | D:4      | Found a snail-covered altar of Cheibriados.
  1938 | D:4      | Noticed a torpor snail
  1938 | D:4      | Noticed Duvessa
  1946 | D:4      | Killed Duvessa
  1947 | D:4      | Reached skill level 5 in Dodging
  1947 | D:4      | Reached XP level 6. HP: 9/47 MP: 7/9
  1956 | D:4      | Noticed a black bear
  1957 | D:4      | Noticed a torpor snail
  2060 | D:4      | Found a glowing drain.
  2071 | Sewer    | Entered a sewer
  2250 | D:4      | Killed a black bear
  2251 | D:4      | Reached skill level 7 in Unarmed Combat
  2251 | D:4      | Reached XP level 7. HP: 50/52 MP: 10/10
  2848 | D:4      | Found a stormy altar of Qazlal.
  3070 | D:4      | Noticed Grinder
  3078 | D:4      | Killed Grinder
  3079 | D:4      | Reached XP level 8. HP: 30/60 MP: 12/12
  3676 | D:5      | Found a large runed translucent door.
  3678 | D:5      | Found a large runed translucent door.
  3683 | D:5      | Noticed a vampire
  3690 | D:5      | Found a large runed translucent door.
  3690 | D:5      | Found a large runed translucent door.
  3760 | D:5      | Found a staircase to the Ecumenical Temple.
  3783 | Temple   | Entered the Ecumenical Temple
  3830 | Temple   | Became a worshipper of Ru the Awakened
  3890 | D:5      | Identified the +5 ring mail of Juisum {Regen+ Str-3 Int+5
                  | SInv}
  3980 | D:5      | Noticed Eustachio
  4001 | D:5      | Killed Eustachio
  4246 | D:5      | Noticed a yak
  4253 | D:5      | Killed a yak
  4582 | D:6      | Reached XP level 9. HP: 66/66 MP: 14/14
  4611 | D:6      | Found a basalt altar of Yredelemnul.
  4851 | D:6      | Reached skill level 5 in Fighting
  4864 | D:6      | Gained mutation: You are hated by all. [Ru sacrifice]
  4864 | D:6      | Reached * piety under Ru
  4864 | D:6      | Reached ** piety under Ru
  4901 | D:6      | Got the Incunable of the Deep Freeze and Concussion
  5226 | D:6      | Found an iron altar of Okawaru.
  5784 | D:7      | Reached skill level 8 in Unarmed Combat
  6039 | D:7      | Reached skill level 5 in Invocations
  6346 | D:7      | Reached skill level 5 in Short Blades
  6346 | D:7      | Reached skill level 5 in Long Blades
  6346 | D:7      | Reached skill level 5 in Axes
  6346 | D:7      | Reached skill level 5 in Maces & Flails
  6346 | D:7      | Reached skill level 5 in Polearms
  6346 | D:7      | Reached skill level 5 in Staves
  6346 | D:7      | Reached skill level 5 in Ranged Weapons
  6346 | D:7      | Reached skill level 5 in Throwing
  6346 | D:7      | Reached skill level 5 in Armour
  6346 | D:7      | Reached skill level 5 in Stealth
  6346 | D:7      | Reached skill level 5 in Shields
  6346 | D:7      | Reached skill level 5 in Spellcasting
  6346 | D:7      | Reached skill level 5 in Evocations
  6346 | D:7      | Reached XP level 10. HP: 53/76 MP: 17/17
  7222 | D:8      | Found Jaes's Antique Armour Shop.
  7453 | D:8      | Found a burning altar of Makhleb.
  7695 | D:9      | Gained mutation: You cannot study or use magical devices.
                  | [Ru sacrifice]
  7695 | D:9      | Reached *** piety under Ru
  7998 | D:9      | Reached skill level 9 in Unarmed Combat
  8038 | D:9      | Reached skill level 5 in Conjurations
  8038 | D:9      | Reached skill level 5 in Hexes
  8038 | D:9      | Reached skill level 5 in Necromancy
  8038 | D:9      | Reached skill level 5 in Translocations
  8038 | D:9      | Reached skill level 5 in Fire Magic
  8038 | D:9      | Reached skill level 5 in Ice Magic
  8038 | D:9      | Reached skill level 5 in Air Magic
  8038 | D:9      | Reached skill level 5 in Earth Magic
  8038 | D:9      | Reached skill level 5 in Alchemy
  8045 | D:9      | Reached XP level 11. HP: 60/83 MP: 20/20
  8258 | D:9      | Found a staircase to the Orcish Mines.
  8303 | D:9      | Found a staircase to the Lair.
  8504 | D:10     | Entered Level 10 of the Dungeon
  8656 | D:10     | Noticed Nergalle
  8684 | D:10     | Killed Nergalle
  9405 | D:11     | Noticed a boulder beetle
  9413 | D:11     | Killed a boulder beetle
  9422 | D:11     | Identified a scroll of acquirement
  9495 | D:11     | Acquired 895 gold pieces
  9503 | D:11     | Gained mutation: You occasionally lose the ability to drink
                  | potions when taking damage. [Ru sacrifice]
  9503 | D:11     | Gained mutation: You sometimes lose the ability to drink
                  | potions when taking damage. [Ru sacrifice]
  9503 | D:11     | Reached **** piety under Ru
  9503 | D:11     | Reached ***** piety under Ru
  9577 | D:11     | Found a stormy altar of Qazlal.
  9686 | D:11     | Noticed a deep elf pyromancer
  9691 | D:11     | Noticed a deep elf pyromancer
  9694 | D:11     | Killed a deep elf pyromancer
  9706 | D:11     | Noticed a boulder beetle
  9707 | D:11     | HP: 4/84 [orc wizard/magic dart[a boggart] (7)]
  9710 | D:11     | Noticed Urug
  9710 | D:11     | Noticed a cyclops
  9807 | D:11     | Killed a cyclops
  9902 | Lair:1   | Entered Level 1 of the Lair of Beasts
 10067 | Lair:1   | Reached XP level 12. HP: 91/91 MP: 22/22
 10237 | Lair:1   | Noticed a catoblepas
 10314 | Lair:1   | Reached skill level 10 in Unarmed Combat
 10447 | Lair:1   | Killed a catoblepas
 11066 | Lair:2   | Found a hole to the Spider Nest.
 11287 | Lair:2   | Noticed a skyshark
 11297 | Lair:2   | Killed a skyshark
 11328 | Lair:2   | Found the +5 Force Lance {heavy, knockback}
 11532 | Lair:2   | Found a staircase to the Shoals.
 11600 | Lair:2   | Gained mutation: You are somewhat inexperienced. (-1 XL)
                  | [Ru sacrifice]
 11600 | Lair:2   | Reached XP level 11. HP: 87/87 MP: 23/23
 11600 | Lair:2   | Reached ****** piety under Ru
 12014 | Lair:3   | Reached XP level 12. HP: 53/94 MP: 24/24
 12036 | Lair:2   | Reached skill level 10 in Shapeshifting
 12453 | Lair:3   | Got the Vellum of the Tarantula
 13935 | Lair:5   | Entered Level 5 of the Lair of Beasts
 14093 | Lair:5   | Reached skill level 10 in Dodging
 14093 | Lair:5   | Reached skill level 11 in Unarmed Combat
 14111 | Lair:5   | Paralysed by a hornet for 3 turns
 14187 | Lair:5   | Found a staircase to the Slime Pits.
 14552 | Lair:5   | Reached skill level 10 in Invocations
 14552 | Lair:5   | Reached XP level 13. HP: 87/101 MP: 19/26
 14584 | Lair:5   | HP: 5/151 [skyshark (12)]
 14590 | Lair:5   | HP: 5/151 [skyshark (4)]
 14591 | Lair:5   | Killed by an exploding skyshark... ignited by their inner
                  | flame

Illustrated notes

Levels and vault maps discovered:
D:1:      minmay_arrival_five_plusses, layout_loops_ring, kennysheep_crisscross
D:2:      layout_loops_corners, shapermc_ecumenical_altar_rom_forum,
          basic_altar, serial_bayou_pond_c, corexii_hall_statues_t,
          minmay_misc_feat_plants, grunt_decor_clamped, nicolae_wormholes
D:3:      layout_loops_ring, nicolae_concentric_dashed_squares_wild,
          roderic_serpentine_path
D:4:      layout_basic, cheibriados_altar_2, overflow_temple_1_default,
          mainiacjoe_sewer_entry_somewhere_in_here_2, kennysheep_diamond,
          guppyfry_early_lair_pool, uniq_grinder, uniq_duvessa
D:5:      layout_cave_pools, minmay_temple_entry_crystal_x,
          minmay_hollow_rounded_squares, uniq_eustachio
D:6:      layout_layer_cave, okawaru_trees_2, mainiacjoe_overflow_paths,
          minmay_pentangle
D:7:      layout_basic, hangedman_decor_push, due_unseen_surprise
D:8:      layout_loops_ring, lightli_temple_of_fire, serial_shops,
          nicolae_lakefront_shop, grunt_ministairs_9
D:9:      layout_grid_maze, fedhas_altar_1, lair_entry_dummy, orc_0_dummy,
          grunt_ministairs_15, chequers_serial_rivers_micro_a
D:10:     layout_loops_ring, uniq_nergalle
D:11:     minmay_chambers_of_sixes, layout_basic, grunt_qazlal_sundering,
          uniq_urug
Temple:   eino_temple_rhombus
Lair:1:   dreamdust_cave_troll, layout_loops_ring,
          grunt_forest_small_clearing_treed, serial_bayou_shore_a,
          infiniplex_staircase_pool, grunt_megastairs_3
Lair:2:   layout_regular_city, elwin_shoals_entry_rooms, spider_nest_entry_webs
Lair:3:   layout_loops_ring, lemuel_fruit_fields
Lair:4:   layout_regular_city
Lair:5:   guppyfry_lair_end_dragon, layout_hall_layers,
          hangedman_lair_tendril_chambers, nicolae_slime_entry_slimehenge,
          serial_bayou_shore_b

Skill      XL: |  1  2  3  4  5  6  7  8  9 10 11 12 |
---------------+-------------------------------------+-----
Invocations    | 1 2 3 4 5 6 7 10 | 10.0
Short Blades   | 1 2 3 5 6 7 9 |  9.1
Long Blades    | 1 2 3 5 6 7 9 |  9.1
Axes           | 1 2 3 5 6 7 9 |  9.1
Maces & Flails | 1 2 3 5 6 7 9 |  9.1
Polearms       | 1 2 3 5 6 7 9 |  9.1
Staves         | 1 2 3 5 6 7 9 |  9.1
Ranged Weapons | 1 2 3 5 6 7 9 |  9.1
Throwing       | 1 2 3 5 6 7 9 |  9.1
Armour         | 1 2 3 5 6 7 9 |  9.1
Stealth        | 1 2 3 5 6 7 9 |  9.1
Shields        | 1 2 3 5 6 7 9 |  9.1
Spellcasting   | 1 2 3 5 6 7 9 |  9.1
Evocations     | 1 2 3 5 0 |  0.0
Fighting       | 3 4 5 6 7 9 |  9.5
Conjurations   | 1 2 3 4 5 7 |  7.6
Hexes          | 1 2 3 4 5 7 |  7.6
Summonings     | 1 2 3 0 |  0.0
Necromancy     | 1 2 3 4 5 7 |  7.6
Translocations | 1 2 3 4 5 7 |  7.6
Fire Magic     | 1 2 3 4 5 7 |  7.6
Ice Magic      | 1 2 3 4 5 7 |  7.6
Air Magic      | 1 2 3 4 5 7 |  7.6
Earth Magic    | 1 2 3 4 5 7 |  7.6
Alchemy        | 1 2 3 4 5 7 |  7.6
Dodging        | 5 6 7 8 10 | 10.3
Unarmed Combat | 7 8 9 11 | 11.2
Shapeshifting  | 7 8 9 10 | 10.6

Action                     |  1- 3 |  4- 6 |  7- 9 | 10-12 | 13-15 || total
---------------------------+-------+-------+-------+-------+-------++-------
  Melee: Unarmed           |    85 |   112 |   120 |       |       ||   317
         Bite              |     6 |     9 |    28 |   126 |     6 ||   175
         Punch             |     2 |     3 |     9 |    57 |       ||    71
         Rapier            |       |       |   171 |   950 |    27 ||  1148
  Throw: Stone             |       |       |     8 |    12 |       ||    20
         Boomerang         |       |       |       |    27 |       ||    27
 Invoke: Sacrifice Love    |       |       |     1 |       |       ||     1
         Sacrifice Artific |       |       |       |     1 |       ||     1
         Sacrifice Drink   |       |       |       |     1 |       ||     1
         Sacrifice Experie |       |       |       |     1 |       ||     1
         Apocalypse        |       |       |       |     1 |       ||     1
Ability: Begin Untransform |       |       |       |     2 |       ||     2
  Evoke: Wand              |       |       |       |     1 |       ||     1
    Use: Scroll            |       |     4 |     3 |    11 |     4 ||    22
         Potion            |       |     1 |       |     3 |     9 ||    13
   Stab: Sleeping          |     1 |       |     4 |    16 |       ||    21
         Paralysed         |       |       |       |    13 |     1 ||    14
         Invisible         |       |       |       |    14 |       ||    14
         Distracted        |       |       |       |     6 |       ||     6
 Armour: Animal skin       |    27 |       |       |       |       ||    27
         Ring mail         |     8 |    28 |   104 |   565 |    35 ||   740
         Leather armour    |       |    34 |    55 |       |       ||    89
         Skin              |       |       |       |       |    23 ||    23
  Dodge: Dodged            |    56 |    70 |   154 |   617 |    19 ||   916
  Block: Buckler           |       |       |       |    50 |    11 ||    61
   Form: Beast             |       |       |       |     1 |       ||     1
         Flux              |       |       |       |     1 |       ||     1
